 Dungeon Crawl Stone Soup version 0.25-a0-413-g3b4b6a4ccc (webtiles) character file.

Game seed: 5985819285842561512, levelgen mode: deterministic

34775 salade2fruit the Thaumaturge (level 13, -1/89 HPs)
             Began as an Octopode Fire Elementalist on Jan 14, 2020.
             Was a High Priest of Kikubaaqudgha.
             Slain by an entropy weaver (9 damage)
             ... on level 5 of the Lair of Beasts.
             The game lasted 01:44:09 (25715 turns).

salade2fruit the Thaumaturge (OpFE)                Turns: 25715, Time: 01:44:12

Health: -1/89      AC:  1    Str:  9      XL:     13   Next: 79%
Magic:  0/29       EV: 16    Int: 21      God:    Kikubaaqudgha [*****.]
Gold:   1012       SH:  4    Dex:  8 (16) Spells: 12/36 levels left

rFire    . . .     SeeInvis +   a - +2 mace (protect)
rCold    + + .     Gourm    .   c - +0 buckler
rNeg     . . .     Faith    .   (helmet restricted)
rPois    +         Spirit   .   (no amulet)
rElec    .         Reflect  .   o - ring of protection from cold
rCorr    .         Harm     .   q - ring of stealth
MR       .....                  y - ring of poison resistance
Stlth    +++++.....             G - ring of wizardry
HPRegen  0.24/turn              M - ring of protection from cold
MPRegen  0.21/turn              j - +4 ring of dexterity
                                N - ring of see invisible
                                (no ring)

@: no status effects
A: almost no armour, stealthy swim, amphibious, 8 rings, constrict 8, camouflage
1, gelatinous body 1
a: Receive Corpses, Torment, Renounce Religion


You were on level 5 of the Lair of Beasts.
You worshipped Kikubaaqudgha.
Kikubaaqudgha was extremely pleased with you.
You were not hungry.

You visited 3 branches of the dungeon, and saw 16 of its levels.

You collected 1012 gold pieces.

Inventory:

Hand Weapons
 a - a +2 mace of protection (weapon)
 b - a +3 flail of venom
Armour
 c - a +0 buckler (worn)
Jewellery
 j - a +4 ring of dexterity (on tentacle)
 o - a ring of protection from cold (left tentacle)
 q - a ring of stealth (right tentacle)
 y - a ring of poison resistance (on tentacle)
 G - a ring of wizardry (on tentacle)
 M - a ring of protection from cold (on tentacle)
 N - a ring of see invisible (on tentacle)
Wands
 v - a wand of enslavement (11)
 z - a wand of random effects (66)
 B - a wand of polymorph (15)
 I - a wand of iceblast (3)
 J - a wand of flame (42)
 L - a wand of disintegration (7)
Scrolls
 d - 3 scrolls of fear
 e - 9 scrolls of remove curse
 g - 4 scrolls of blinking
 n - 2 scrolls of enchant weapon
 p - 3 scrolls of immolation
 r - 3 scrolls of amnesia
 s - a scroll of fog
 w - 2 scrolls of identify
 D - a scroll of magic mapping
 E - 2 scrolls of noise
 F - 2 scrolls of holy word
 O - 2 scrolls of random uselessness
Potions
 f - a potion of cancellation {unknown}
 h - a potion of agility
 i - a potion of curing
 k - 2 potions of flight
 l - a potion of berserk rage {unknown}
 m - a potion of resistance {unknown}
 u - 2 potions of mutation {unknown}
 x - 2 potions of heal wounds {unknown}
 A - 2 potions of magic {unknown}
 C - 2 potions of brilliance
 H - a potion of might {unknown}
Miscellaneous
 K - a crystal ball of energy
Comestibles
 t - 22 rations
 P - a chunk of flesh


   Skills:
 - Level 8.4 Fighting
 + Level 8.8 Dodging
 - Level 6.1 Stealth
 - Level 4.5 Shields
 + Level 12.0 Spellcasting
 - Level 6.0 Conjurations
 - Level 6.2 Necromancy
 + Level 7.9 Fire Magic
 + Level 7.6 Earth Magic
 - Level 4.0 Evocations


You had 12 spell levels left.
You knew the following spells:

 Your Spells              Type           Power        Failure   Level  Hunger
a - Foxfire               Conj/Fire      ####         1%          1    None
b - Inner Flame           Hex/Fire       ####....     1%          3    None
c - Pain                  Necr           ####         1%          1    None
d - Conjure Flame         Conj/Fire      #####...     1%          3    None
e - Corpse Rot            Necr/Air       N/A          1%          2    None
f - Fireball              Conj/Fire      #####.....   3%          5    ####...
g - Sublimation of Blood  Necr           #####.....   1%          2    None
r - Sticky Flame          Conj/Fire      #####...     1%          4    None
z - Stone Arrow           Conj/Erth      #####.       1%          3    None

Your spell library contained the following spells:

 Spells                   Type           Power        Failure   Level  Hunger
 Sandblast                Erth           #####.       1%          1    None
 Passwall                 Tmut/Erth      ####....     1%          2    None
 Vampiric Draining        Necr           #####.....   1%          3    None
 Animate Dead             Necr           N/A          1%          4    None
 Dispel Undead            Necr           #####...     1%          4    None
 Beastly Appendage        Tmut           ##....       2%          1    None
 Lee's Rapid Deconstruct  Erth           #####.....   2%          5    ####...
 Sticks to Snakes         Tmut           ##......     3%          2    None
 Petrify                  Tmut/Erth      ####....     4%          4    None
 Agony                    Necr           #####...     4%          5    ####...
 Confusing Touch          Hex            ##......     6%          3    None
 Gell's Gravitas          Tloc           ##........   6%          3    None
 Spider Form              Tmut/Pois      ##........   6%          3    None
 Excruciating Wounds      Chrm/Necr      ####......   16%         5    ####...
 Ice Form                 Ice/Tmut       ##......     21%         4    None
 Blade Hands              Tmut           ##........   47%         5    ####...
 Metabolic Englaciation   Hex/Ice        ##........   47%         5    ####...
 Yara's Violent Unravell  Hex/Tmut       ##........   47%         5    ####...
 Simulacrum               Ice/Necr       ####......   63%         6    #####..


Dungeon Overview and Level Annotations

Branches:
Dungeon (10/15)            Temple (1/1) D:6            Lair (5/6) D:9
  Swamp (0/4) Lair:3        Snake (0/4) Lair:2
  Slime: Lair:5-6       Orc: D:9-12

Altars:
Ashenzari
Cheibriados
Dithmenos
Elyvilon
Fedhas
Gozag
Hepliaklqana
Kikubaaqudgha
Makhleb
Nemelex Xobeh
Okawaru
Qazlal
Ru
Sif Muna
Trog
Uskayaw
Vehumet
Wu Jian
Xom
Yredelemnul
Zin
The Shining One

Shops:
D:10 (%

Annotations:
D:6 Shadow153's ghost, novice MiFi
Lair:2 3 runed translucent doors, sigonnn's ghost, journeyman HaHu
Lair:3 exclusion: oklob plant


Innate Abilities, Weirdness & Mutations

You cannot wear most types of armour.
You are very stealthy in the water. (Stealth+)
You are amphibious.
You can wear up to eight rings at the same time.
You can use your tentacles to constrict eight enemies at once.
Your skin changes colour to match your surroundings (Stealth+).
Your rubbery body absorbs attacks. (AC +1, EV +1)


Message History

Press: ? - help, Shift-Dir - straight line, f/p - entropy weaver
Aim: an entropy weaver (severely wounded)
The sticky flame hits the entropy weaver but does no damage.
The entropy weaver is severely wounded.
The entropy weaver is covered in liquid flames!
The entropy weaver burns!
You block the entropy weaver's attack. The entropy weaver barely misses you.
The entropy weaver hits you! x2
As you read the scroll of fear, it crumbles to dust.
You assume a fearsome visage.
The entropy weaver easily resists.
The entropy weaver burns!
The entropy weaver misses you. You block the entropy weaver's attack.
The entropy weaver hits you. The entropy weaver barely misses you.
The entropy weaver hits you!
* * * LOW HITPOINT WARNING * * *
The entropy weaver hits you.
* * * LOW HITPOINT WARNING * * *
The entropy weaver hits you!
* * * LOW HITPOINT WARNING * * *
The entropy weaver hits you!
You die...
Kikubaaqudgha rasps: "You have failed me!
Welcome... death!"

#.#.P....#####....)
#...........##.....
##..............(..
#..........#.#..÷..
#P.........'.#.÷...
##...........(.....
#..........##.....
##a#.+.##..##...P.
#@##..########.##.
#####.P### ##...
#..#.# ##.. ###
##..### ###.. ###.#
###...P# #.P..
#...###......# #....
#............#####...
#.......%.....Y##....
###...........P.......


You could see an entropy weaver (burning).

Vanquished Creatures
  An entropy weaver (Lair:5)
  3 hydras
  A two-headed ogre (D:8)
  An unseen horror (D:9)
  Pikel (D:8)
  5 black mambas
  11 spiny frogs
  A torpor snail (Lair:2)
  Joseph (D:8)
  A rime drake (Lair:2)
  2 komodo dragons (Lair:1)
  A queen bee (Lair:2)
  A hornet (D:10)
  Grinder (D:5)
  20 blink frogs
  9 hippogriffs
  A wyvern (D:9)
  41 yaks
  A wraith (D:10)
  2 basilisks
  A hungry ghost (D:9)
  15 soldier ants (Lair:5)
  8 nagas (Lair:2)
  14 porcupines
  Duvessa (D:5)
  6 water moccasins
  An orc warrior (D:10)
  An ice beast (D:10)
  4 slaves (D:8)
  4 black bears
  3 wolves (Lair:2)
  4 ogres
  3 crocodiles
  16 bullfrogs
  2 scorpions
  Dowan (D:5)
  41 killer bees
  A spriggan skeleton (D:9)
  9 wights
  7 crimson imps
  5 quasits
  4 hounds
  4 jellies
  2 orc priests
  6 orc wizards
  5 centaur skeletons
  A gnoll shaman (D:6)
  Jessica (D:2)
  3 bullfrog skeletons (D:4)
  10 worker ants
  2 iguanas
  Ijyb (D:4)
  4 hound skeletons
  2 worker ant zombies
  12 gnolls
  A howler monkey zombie (D:8)
  7 adders
  5 shadow imps
  An adder zombie (D:4)
  A worm (D:2)
  23 orcs
  3 giant cockroaches
  9 goblins
  5 hobgoblins
  8 jackals
  6 kobolds
  3 quokkas
  A ball python (D:7)
  7 bats
  4 frilled lizards
  10 rats
  A fungus (Lair:3)
404 creatures vanquished.

Vanquished Creatures (others)
  A bush (Lair:4)
  1124 foxfires
  47 fungi
  11 plants
1183 creatures vanquished.

Grand Total: 1587 creatures vanquished

Notes
Turn   | Place    | Note
-------+----------+-------------------------------------------
     0 | D:1      | salade2fruit the Octopode Fire Elementalist began the quest
                  | for the Orb.
     0 | D:1      | Reached XP level 1. HP: 11/11 MP: 3/3
   249 | D:1      | Reached XP level 2. HP: 17/17 MP: 1/5
   930 | D:2      | Reached XP level 3. HP: 21/21 MP: 2/6
  1503 | D:2      | Noticed Jessica
  1535 | D:2      | Killed Jessica
  1535 | D:2      | Reached XP level 4. HP: 27/27 MP: 2/8
  1815 | D:3      | Learned a level 3 spell: Conjure Flame
  1820 | D:3      | Noticed a +0 dagger
  1821 | D:3      | Noticed a +0 dagger
  1824 | D:3      | Found a hide-covered altar of Uskayaw.
  2153 | D:3      | Reached skill level 3 in Spellcasting
  2385 | D:3      | Found an ancient bone altar of Kikubaaqudgha.
  2385 | D:3      | Found a shadowy altar of Dithmenos.
  2385 | D:3      | Found a basalt altar of Yredelemnul.
  2403 | D:3      | Became a worshipper of Kikubaaqudgha
  2603 | D:3      | Found a hazy altar of Hepliaklqana.
  2618 | D:3      | Reached XP level 5. HP: 31/31 MP: 3/9
  2955 | D:3      | Reached skill level 1 in Shields
  3163 | D:4      | Found an ornate altar of the Wu Jian Council.
  3381 | D:4      | Reached XP level 6. HP: 22/36 MP: 6/11
  3663 | D:4      | Noticed Ijyb
  3768 | D:4      | Killed Ijyb
  3911 | D:4      | Reached skill level 4 in Spellcasting
  3911 | D:4      | Reached skill level 5 in Fire Magic
  3911 | D:4      | Reached XP level 7. HP: 34/41 MP: 8/13
  4529 | D:5      | Entered Level 5 of the Dungeon
  4731 | D:5      | Noticed Duvessa
  4790 | D:5      | Noticed Dowan
  4870 | D:5      | Killed Dowan
  5088 | D:5      | Killed Duvessa
  5088 | D:5      | Reached skill level 5 in Spellcasting
  5088 | D:5      | Reached XP level 8. HP: 18/46 MP: 10/15
  5152 | D:5      | Noticed Grinder
  5393 | D:5      | Paralysed by Grinder for 7 turns
  5401 | D:5      | Killed Grinder
  5549 | D:6      | Reached * piety under Kikubaaqudgha
  5549 | D:6      | Identified Kikubaaqudgha's Guide on Black Secrets
                  | (Kikubaaqudgha gifted it to you on level 6 of the Dungeon)
  5549 | D:6      | Received a gift from Kikubaaqudgha
  5568 | D:6      | Reached skill level 1 in Fighting
  5583 | D:6      | Learned a level 2 spell: Corpse Rot
  5849 | D:6      | Found a staircase to the Ecumenical Temple.
  6041 | Temple   | Entered the Ecumenical Temple
  6509 | D:7      | Reached skill level 6 in Spellcasting
  6514 | D:7      | Reached XP level 9. HP: 55/55 MP: 9/18
  6586 | D:7      | Learned a level 3 spell: Inner Flame
  6806 | D:7      | Found a transporter.
  6842 | D:7      | Noticed Shadow153's ghost (novice MiFi)
  6875 | D:7      | Found a transporter.
  7089 | D:7      | Found a burning altar of Makhleb.
  7090 | D:7      | Found a shimmering altar of Xom.
  7092 | D:7      | Paralysed by a crimson imp for 3 turns
  7176 | D:7      | Found a radiant altar of Vehumet.
  7179 | D:7      | Found a sacrificial altar of Ru.
  7182 | D:7      | Found a blossoming altar of Fedhas.
  7315 | D:8      | Learned a level 1 spell: Pain
  7428 | D:8      | Noticed a two-headed ogre
  7458 | D:8      | Killed a two-headed ogre
  7458 | D:8      | Reached skill level 5 in Conjurations
  7467 | D:8      | Reached skill level 7 in Spellcasting
  7851 | D:8      | Learned a level 4 spell: Sticky Flame
  7890 | D:8      | Reached ** piety under Kikubaaqudgha
  7890 | D:8      | Reached skill level 5 in Fighting
  8052 | D:8      | Learned a level 3 spell: Stone Arrow
  8055 | D:8      | Learned a level 2 spell: Sublimation of Blood
  8372 | D:8      | Reached skill level 1 in Necromancy
  8376 | D:8      | Reached XP level 10. HP: 67/67 MP: 1/21
  8626 | D:8      | Found a glowing golden altar of the Shining One.
  8627 | D:8      | Noticed Pikel
  8639 | D:8      | Killed Pikel
  8821 | D:8      | Noticed Joseph
  8825 | D:8      | Killed Joseph
  8825 | D:8      | Reached skill level 8 in Spellcasting
  9396 | D:9      | Learned a level 5 spell: Fireball
  9543 | D:8      | Reached *** piety under Kikubaaqudgha
  9543 | D:8      | Identified Kikubaaqudgha's Tome of Unholy Rituals
                  | (Kikubaaqudgha gifted it to you on level 8 of the Dungeon)
  9543 | D:8      | Received a gift from Kikubaaqudgha
 10160 | D:9      | Found a staircase to the Lair.
 10195 | D:9      | Reached skill level 5 in Necromancy
 10582 | D:9      | Reached XP level 11. HP: 70/75 MP: 18/23
 10940 | D:9      | Noticed an unseen horror
 10945 | D:9      | Killed an unseen horror
 10945 | D:9      | Reached skill level 9 in Spellcasting
 11246 | D:10     | Entered Level 10 of the Dungeon
 11876 | D:10     | Found Orchokk's Antique Weapon Boutique.
 11887 | D:10     | Found Ifyuhif's Food Emporium.
 12185 | Lair:1   | Entered Level 1 of the Lair of Beasts
 12546 | Lair:1   | Reached skill level 1 in Evocations
 12694 | Lair:1   | Reached **** piety under Kikubaaqudgha
 13317 | Lair:1   | Reached skill level 5 in Stealth
 14373 | Lair:1   | Reached skill level 10 in Spellcasting
 14765 | Lair:2   | Reached skill level 1 in Earth Magic
 14892 | Lair:2   | Reached XP level 12. HP: 84/84 MP: 8/26
 15071 | Lair:2   | Found a runed translucent gate.
 15071 | Lair:2   | Found a runed translucent gate.
 15094 | Lair:2   | Found a runed translucent gate.
 15888 | Lair:2   | Noticed sigonnn's ghost (journeyman HaHu)
 16182 | Lair:2   | Noticed a five-headed hydra
 16203 | Lair:2   | Killed a five-headed hydra
 16203 | Lair:2   | Reached skill level 5 in Dodging
 16744 | Lair:2   | Found a staircase to the Snake Pit.
 17516 | Lair:2   | Reached ***** piety under Kikubaaqudgha
 18259 | Lair:3   | Noticed a seven-headed hydra
 18284 | Lair:3   | Reached skill level 5 in Earth Magic
 18287 | Lair:3   | Reached skill level 11 in Spellcasting
 18437 | Lair:3   | Found a staircase to the Swamp.
 19097 | Lair:3   | Killed a seven-headed hydra
 19286 | Lair:3   | Reached XP level 13. HP: 89/89 MP: 14/28
 22888 | Lair:5   | Noticed an entropy weaver
 24776 | Lair:5   | Noticed an entropy weaver
 24791 | Lair:5   | Killed an entropy weaver
 25672 | Lair:5   | Reached skill level 12 in Spellcasting
 25715 | Lair:5   | Slain by an entropy weaver

Levels and vault maps discovered:
D:1:      scummos_arrival_simple_crosswalls, layout_basic
D:2:      layout_basic, uniq_jessica
D:3:      wander_river, layout_loops_cross, old_standard_altar,
          dancing_weapons_uskayaw, gammafunk_temple_overflow_forgotten,
          first_ration
D:4:      layout_basic, lemuel_round_altar, serial_forest,
          infiniplex_forest_end_3, infiniplex_forest_lined_3_way,
          infiniplex_forest_straight_2, infiniplex_forest_clump_small,
          infiniplex_forest_lined_3_way, infiniplex_forest_straight_3,
          infiniplex_forest_straight_3, infiniplex_forest_clump_double,
          infiniplex_forest_clump_medium, minmay_misc_feat_five, uniq_ijyb
D:5:      layout_rooms, kennysheep_nondescript, uniq_grinder, uniq_duvessa
D:6:      layout_rooms, minmay_temple_entry_statues_pillars, serial_park_tiny_1
D:7:      layout_rooms, grunt_temple_overflow_champion_of_chaos,
          grunt_temple_overflow_diamond, gammafunk_ghost_stat_death
D:8:      layout_loops_ring, basic_altar, uniq_pikel, uniq_joseph
D:9:      layout_basic, due_lair_maze_entry_diamond, enter_bailey_8,
          hangedman_tell_no_tales
D:10:     layout_basic, serial_shops, shop, nicolae_shop_waterfront,
          kennysheep_mini, uniq_psyche, uniq_maurice
Temple:   minmay_temple_curvy_loop
Lair:1:   layout_roguey, beast_lair_carwin_9, grunt_megastairs_2
Lair:2:   layout_gridlike, minmay_snake_entry_guardpost_large,
          ebering_ghost_rock_garden, special_room [special_room_bee],
          grunt_megastairs_4, lemuel_fruit_tree
Lair:3:   layout_long_grid, swamp_mist_pool, special_room
Lair:4:   layout_long_grid, st_stairs_5
Lair:5:   layout_roguey, zaba_anthell, grunt_megastairs_3

Skill      XL: |  1  2  3  4  5  6  7  8  9 10 11 12 13 |
---------------+----------------------------------------+-----
Conjurations   | 2 4 6 |  6.0
Spellcasting   | 3 4 5 6 7 8 10 11 12 | 12.0
Fire Magic     | 4 5 6 7 |  7.9
Shields        | 1 2 4 |  4.5
Fighting       | 2 5 7 8 |  8.4
Necromancy     | 1 5 6 |  6.2
Stealth        | 6 |  6.1
Evocations     | 3 4 |  4.0
Dodging        | 4 7 8 |  8.8
Earth Magic    | 1 5 7 |  7.6

Action                   |  1- 3 |  4- 6 |  7- 9 | 10-12 | 13-15 || total
-------------------------+-------+-------+-------+-------+-------++-------
Melee: Mace              |    30 |     6 |       |    36 |    80 ||   152
       Constrict         |     9 |     9 |    16 |    23 |    16 ||    73
       Tentacles         |     3 |     2 |     8 |    25 |    11 ||    49
       War axe           |       |    12 |       |       |       ||    12
       Dagger            |       |    14 |    25 |    78 |       ||   117
       Flail             |       |     4 |    43 |    65 |       ||   112
 Cast: Foxfire           |    51 |    68 |   184 |   321 |    72 ||   696
       Conjure Flame     |       |       |     8 |    11 |     4 ||    23
       Corpse Rot        |       |       |     3 |     5 |       ||     8
       Pain              |       |       |     9 |       |       ||     9
       Stone Arrow       |       |       |     7 |    82 |    63 ||   152
       Sticky Flame      |       |       |     6 |    75 |    68 ||   149
       Inner Flame       |       |       |     1 |    14 |    14 ||    29
       Fireball          |       |       |       |    34 |    30 ||    64
       Sublimation of Bl |       |       |       |    10 |     2 ||    12
Invok: Receive Corpses   |       |       |     1 |       |     1 ||     2
       Torment           |       |       |       |       |     1 ||     1
Evoke: Wand              |       |       |       |     2 |     7 ||     9
  Use: Scroll            |       |     3 |     6 |    10 |    11 ||    30
       Potion            |       |       |     5 |     4 |     5 ||    14
 Stab: Sleeping          |     2 |     3 |       |     1 |       ||     6
  Eat: Chunk             |     2 |     6 |     5 |    18 |     5 ||    36
       Ration            |       |       |     3 |     8 |     6 ||    17
Armor: Skin              |     1 |     4 |    27 |    76 |    14 ||   122
Dodge: Dodged            |    18 |    32 |    54 |   156 |   165 ||   425
Block: Buckler           |       |     5 |    20 |    68 |    40 ||   133

Table legend:
 A = Non-vault XP
 B = Vault XP
 C = Vault XP percentage of total XP
 D = Non-vault monster count
 E = Vault monster count
 F = Vault count percentage of total count
                 A         B        C        D         E       F
            +---------+---------+-------+---------+---------+-------
      Total |   35558 |   14121 |  28.4 |     299 |     100 |  25.1
            +---------+---------+-------+---------+---------+-------
        D:1 |      29 |       0 |   0.0 |      21 |       0 |   0.0
        D:2 |      40 |      37 |  48.1 |      22 |       1 |   4.3
        D:3 |     127 |       0 |   0.0 |      16 |       0 |   0.0
        D:4 |     414 |      33 |   7.4 |      10 |       1 |   9.1
        D:5 |     381 |     482 |  55.9 |      10 |       3 |  23.1
        D:6 |     491 |       0 |   0.0 |      10 |       0 |   0.0
        D:7 |     680 |     231 |  25.4 |      22 |       5 |  18.5
        D:8 |    2424 |    1036 |  29.9 |      29 |       2 |   6.5
        D:9 |    1364 |    2511 |  64.8 |      29 |      17 |  37.0
       D:10 |    1822 |       0 |   0.0 |      24 |       0 |   0.0
     Lair:1 |    5272 |    1514 |  22.3 |      23 |       8 |  25.8
     Lair:2 |    4573 |    3513 |  43.4 |      16 |      37 |  69.8
     Lair:3 |    7518 |       0 |   0.0 |      29 |       0 |   0.0
     Lair:4 |    7771 |     287 |   3.6 |      27 |       2 |   6.9
     Lair:5 |    2652 |    4477 |  62.8 |      11 |      24 |  68.6
            +---------+---------+-------+---------+---------+-------
